 Dungeon Crawl Stone Soup version 0.26.1-11-gd32895ea62 (webtiles) character file.

Game seed: 9931272234746677742

9921 Jerry the Basher (level 11, -9/165 HPs)
             Began as a Troll Berserker on June 11, 2021.
             Was a High Priest of Trog.
             Mangled by a yak (13 damage)
             ... on level 1 of the Lair of Beasts.
             The game lasted 00:39:19 (10516 turns).

Jerry the Basher (Troll Berserker)                 Turns: 10516, Time: 00:39:19

Health: -9/165     AC: 11    Str: 27    XL:     11   Next: 29%
Magic:  10/10      EV: 15    Int:  6    God:    Trog [*****.]
Gold:   347        SH:  0    Dex:  9    Spells: 10/10 levels left

rFire    . . .     SeeInvis .   G - +2 mace (holy)
rCold    . . .     Faith    .   (no shield)
rNeg     . . .     Spirit   .   R - +0 troll leather armour
rPois    +         Reflect  .   x - +0 hat
rElec    .         Harm     .   Q - +2 cloak
rCorr    .         Rampage  .   (gloves unavailable)
Will     ++...                  (boots unavailable)
Stlth    ..........             u - amulet of regeneration
HPRegen  2.57/turn              t - +4 ring of evasion
MPRegen  0.12/turn              B - ring of poison resistance

@: berserking, regenerating, very quick
A: large, unfitting armour, claws 3, regeneration 1, shaggy fur 1, tough skin 3
a: Renounce Religion, Berserk, Trog's Hand, Brothers in Arms


You were on level 1 of the Lair of Beasts.
You worshipped Trog.
Trog was extremely pleased with you.
You visited 3 branches of the dungeon, and saw 12 of its levels.

You collected 660 gold pieces.
You spent 313 gold pieces at shops.

Inventory:

Hand Weapons
 f - a +0 whip
 G - a +2 mace of holy wrath (weapon)
Missiles
 q - 65 poisoned darts
 r - 3 atropa-tipped darts
Armour
 b - a +0 animal skin
 x - a +0 hat (worn)
 J - a +2 kite shield of cold resistance
 Q - a +2 cloak (worn)
 R - a +0 troll leather armour (worn)
Jewellery
 i - an uncursed ring of resist corrosion
 t - a +4 ring of evasion (left claw)
 u - an amulet of regeneration (around neck)
 z - an uncursed ring of protection from cold
 B - a ring of poison resistance (right claw)
 D - an uncursed ring of willpower
 E - an uncursed ring of stealth
Wands
 v - a wand of paralysis (20)
 A - a wand of iceblast (9)
 F - a wand of polymorph (8)
 I - a wand of random effects (19)
 K - a wand of flame (14)
 N - a wand of disintegration (10)
Scrolls
 c - 3 scrolls of remove curse
 e - 3 scrolls of amnesia
 m - 12 scrolls of identify
 n - a scroll of fog
 p - 3 scrolls of magic mapping
 w - a scroll of blinking
 y - 3 scrolls of fear
 L - a scroll of brand weapon {unknown}
 M - a scroll of random uselessness {unknown}
Potions
 a - 2 potions of resistance {unknown}
 d - a potion of magic {unknown}
 g - a potion of lignification {unknown}
 h - 6 potions of curing
 j - 2 potions of haste {unknown}
 k - 2 potions of heal wounds
 o - 4 potions of attraction {unknown}
 s - a potion of brilliance {unknown}
 C - 3 potions of ambrosia {unknown}
 H - a potion of flight {unknown}
 O - a potion of cancellation {unknown}
 P - a potion of degeneration {unknown}


   Skills:
 + Level 7.6 Fighting
 + Level 10.2 Maces & Flails
 - Level 4.1 Throwing
 - Level 5.7 Dodging
 * Level 6.9 Shields


You had 10 spell levels left.
You didn't know any spells.
Your spell library was empty.

Dungeon Overview and Level Annotations

Branches:
Dungeon (10/15)            Temple (1/1) D:6            Lair (1/6) D:10
    Orc (0/2) D:10

Altars:
Ashenzari
Cheibriados
Dithmenos
Elyvilon
Fedhas
Gozag
Hepliaklqana
Kikubaaqudgha
Makhleb
Nemelex Xobeh
Okawaru
Qazlal
Ru
Sif Muna
Trog
Uskayaw
Vehumet
Wu Jian
Xom
Yredelemnul
Zin
The Shining One

Shops:
D:4 ?   D:8 *   D:10 [

Annotations:
D:9 3 runed translucent doors, boysha's ghost, novice DsGl
Lair:1 Harold


Innate Abilities, Weirdness & Mutations

You are too large for most types of armour.
You have claws for hands.
Your natural rate of healing is unusually fast.
You are covered in fur. (AC +1)
You have extremely tough skin. (AC +3)


Message History

The yak is almost dead.
The yak closely misses you. The yak misses you.
You sock the yak!
You kill the yak!
Trog accepts your kill. The yak gores you.
* * * LOW HITPOINT WARNING * * *
You completely miss the yak. The yak misses you. The yak gores you!
* * * LOW HITPOINT WARNING * * *
You bludgeon the yak!!
The yak is heavily wounded.
The yak closely misses you.
You sock the yak!
The yak is severely wounded.
The yak gores you!
* * * LOW HITPOINT WARNING * * *
You hit the yak.
The yak is almost dead.
The yak gores you!
You die...

#........# #.......P#
#.......# #.......#
#.......# #.......#
#.......# #.......#
#@Y.....## ##†Y.(....# ##
#........##
######.###.......#
.......................####
..........................#
...........Y...........#..##
....................≈≈≈P≈..#
.........Y.........P.P≈P≈P.#


You could see 2 yaks.

Vanquished Creatures
  Joseph (D:9)
  A black mamba (Lair:1)
  A cane toad (D:10)
  4 komodo dragons
  3 trolls
  3 blink frogs
  Sigmund (D:3)
  A basilisk (Lair:1)
  3 yaks
  Grum (D:10)
  A water moccasin (D:10)
  Duvessa (D:7)
  A phantom (D:8)
  4 orc warriors
  3 sky beasts
  3 black bears
  3 ogres
  2 ice beasts
  4 wolves
  A necrophage (D:6)
  6 centaurs
  Blork the orc (D:6)
  A big kobold (D:9)
  12 bullfrogs
  Dowan (D:7)
  A wyvern skeleton (D:8)
  A water moccasin zombie (D:8)
  3 scorpions
  4 killer bees (D:9)
  4 wights (D:10)
  4 howler monkeys
  2 bullfrog zombies
  A centaur zombie (D:6)
  5 hounds
  3 jellies
  7 orc priests
  3 bullfrog skeletons
  10 orc wizards
  Crazy Yiuf (D:7)
  6 iguanas
  13 worker ants
  2 hound skeletons
  3 gnolls (D:5)
  11 adders
  2 howler monkey skeletons
  3 shadow imps
  4 white imps
  4 ufetubi
  2 oozes
  2 worms (D:2)
  2 dart slugs
  5 leopard geckos
  40 orcs
  2 ball pythons
  4 bats
  8 giant cockroaches
  9 goblins
  10 hobgoblins
  4 jackals (D:2)
  14 kobolds
  2 quokkas
  3 frilled lizards
  A jackal zombie (D:5)
  A quokka skeleton (D:5)
  A quokka zombie (D:6)
  7 rats
277 creatures vanquished.

Vanquished Creatures (collateral kills)
  A kobold (D:9)
1 creature vanquished.

Vanquished Creatures (others)
  5 dream sheep (D:4)
  A leopard gecko skeleton (D:4)
  15 fungi
  22 plants
43 creatures vanquished.

Grand Total: 321 creatures vanquished

Notes
Turn   | Place    | Note
-------+----------+-------------------------------------------
     0 | D:1      | Jerry the Troll Berserker began the quest for the Orb.
     0 | D:1      | Reached XP level 1. HP: 22/22 MP: 0/0
     3 | D:1      | Noticed an electric eel
     4 | D:1      | Noticed an electric eel
   225 | D:1      | Reached skill level 3 in Maces & Flails
   254 | D:1      | Reached XP level 2. HP: 29/29 MP: 1/1
   319 | D:1      | You fall into a shaft and drop 1 floor!
   335 | D:2      | Reached XP level 3. HP: 36/36 MP: 2/2
   566 | D:1      | Reached ** piety under Trog
   933 | D:2      | Reached XP level 4. HP: 44/44 MP: 3/3
  1582 | D:3      | Reached skill level 4 in Maces & Flails
  1947 | D:3      | Reached XP level 5. HP: 52/53 MP: 4/4
  2241 | D:3      | Noticed Sigmund
  2315 | D:3      | Killed Sigmund
  2316 | D:3      | Reached XP level 6. HP: 61/61 MP: 5/5
  2412 | D:4      | Reached skill level 5 in Maces & Flails
  2575 | D:4      | Found Igrir's Magic Scroll Shoppe.
  2717 | D:4      | Reached XP level 7. HP: 21/68 MP: 6/6
  2873 | D:4      | Noticed a dream sheep
  2873 | D:4      | Noticed a dream sheep
  2873 | D:4      | Noticed a dream sheep
  2873 | D:4      | Noticed a dream sheep
  2873 | D:4      | Noticed a dream sheep
  2873 | D:4      | Found a shimmering altar of Xom.
  2877 | D:4      | Killed a dream sheep
  2879 | D:4      | Killed a dream sheep
  2880 | D:4      | Killed a dream sheep
  2880 | D:4      | Killed a dream sheep
  2880 | D:4      | Killed a dream sheep
  3246 | D:5      | Entered Level 5 of the Dungeon
  3402 | D:5      | Reached skill level 6 in Maces & Flails
  3404 | D:5      | Reached *** piety under Trog
  3710 | D:5      | Reached skill level 1 in Throwing
  3924 | D:5      | Reached XP level 8. HP: 79/79 MP: 7/7
  4554 | D:6      | Noticed Blork the orc
  4574 | D:6      | Killed Blork the orc
  4575 | D:6      | Reached skill level 7 in Maces & Flails
  4705 | D:6      | Found a staircase to the Ecumenical Temple.
  4775 | Temple   | Entered the Ecumenical Temple
  5161 | D:6      | Found a snail-covered altar of Cheibriados.
  5264 | D:6      | Found a burning altar of Makhleb.
  5283 | D:6      | Reached skill level 5 in Fighting
  5283 | D:6      | Reached skill level 5 in Dodging
  5884 | D:7      | Reached **** piety under Trog
  5885 | D:7      | Reached XP level 9. HP: 80/88 MP: 8/8
  6182 | D:7      | Reached skill level 8 in Maces & Flails
  6205 | D:7      | Noticed Dowan
  6211 | D:7      | Noticed Duvessa
  6264 | D:7      | Killed Duvessa
  6268 | D:7      | Killed Dowan
  6341 | D:7      | Found a runed translucent door.
  6342 | D:7      | Noticed Crazy Yiuf
  6352 | D:7      | Killed Crazy Yiuf
  6865 | D:8      | Found a bloodstained altar of Trog.
  6992 | D:8      | Found Yvosej's Assorted Antiques.
  7003 | D:8      | Bought a scroll labelled QISABY APOSTO for 37 gold pieces
  7003 | D:8      | Bought a scroll labelled URUGIR QEUJ for 37 gold pieces
  7003 | D:8      | Bought a scroll labelled SERRYP IBEHUYFAF for 37 gold
                  | pieces
  7022 | D:8      | Identified 2 scrolls of acquirement
  7022 | D:8      | Acquired a +0 hat
  7029 | D:8      | Acquired a +2 kite shield of cold resistance
  7084 | D:8      | Reached skill level 1 in Shields
  7556 | D:9      | Noticed a troll
  7570 | D:9      | Killed a troll
  7571 | D:9      | Reached skill level 9 in Maces & Flails
  7612 | D:9      | Reached XP level 10. HP: 36/98 MP: 9/9
  7845 | D:9      | Found a runed translucent gate.
  7846 | D:9      | Found a runed translucent gate.
  7846 | D:9      | Found a runed translucent gate.
  7847 | D:9      | Noticed a five-headed hydra
  7847 | D:9      | Noticed boysha's ghost (novice DsGl)
  8073 | D:9      | Noticed Joseph
  8138 | D:9      | Killed Joseph
  8434 | D:10     | Entered Level 10 of the Dungeon
  8543 | D:10     | Found an opulent altar of Gozag.
  8551 | D:10     | Found a staircase to the Orcish Mines.
  8633 | D:10     | Found Gunog's Antique Armour Shop.
  8653 | D:10     | Noticed Grum
  8821 | D:10     | Killed Grum
  9024 | D:10     | Bought an embroidered cloak for 202 gold pieces
  9159 | D:10     | Reached skill level 5 in Shields
  9269 | D:10     | Found a staircase to the Lair.
  9302 | Lair:1   | Entered Level 1 of the Lair of Beasts
  9302 | Lair:1   | Noticed a black mamba
  9316 | Lair:1   | Killed a black mamba
  9376 | D:10     | Noticed a death knight
  9376 | D:10     | Noticed an orc knight
  9376 | D:10     | Noticed a boulder beetle
  9388 | D:10     | Reached ***** piety under Trog
  9471 | D:10     | Noticed an orc knight
  9471 | D:10     | Noticed a fire crab
  9473 | D:10     | a fire crab changed into a queen bee
  9489 | D:10     | Noticed a manticore
  9490 | D:10     | Noticed an orc knight
  9490 | D:10     | Noticed a cyclops
  9878 | D:10     | Reached XP level 11. HP: 101/109 MP: 10/10
  9920 | Lair:1   | Reached skill level 10 in Maces & Flails
 10062 | Lair:1   | Noticed Harold
 10515 | Lair:1   | HP: 2/165 [yak (12)]
 10516 | Lair:1   | Mangled by a yak

Illustrated notes

Levels and vault maps discovered:
D:1:      arrival_aquarium_b, layout_loops_ring
D:2:      layout_loops_cross
D:3:      layout_loops_ring, uniq_sigmund
D:4:      layout_basic, serial_corexii_hall, chequers_hall_statues_corner_a,
          chequers_hall_statues_corner_a, serial_shops, shop,
          kb_xom_exploding_sheep
D:5:      layout_gridville
D:6:      layout_basic, overflow_temple_1_default,
          minmay_temple_entry_purple_smoke, makhleb_blood_cavern_becter,
          uniq_blork_the_orc
D:7:      layout_basic, uniq_duvessa, uniq_crazy_yiuf_cottage
D:8:      black_bear_nest_1, layout_loops_cross, serial_shops, shop,
          trog_hazing_becter
D:9:      layout_rooms, gammafunk_ghost_split, uniq_joseph
D:10:     layout_gridville, grunt_lair_entry_orc_guard_hut, orc_0_dummy,
          basic_altar, serial_shops, nicolae_shop_waterfront, minivault_12,
          uniq_grum
Temple:   nicolae_temple_the_god_donut
Lair:1:   layout_big_grid, serial_bayou_lagoon_a, guppyfry_lair_drakes,
          grunt_megastairs_3, uniq_harold

Skill      XL: |  1  2  3  4  5  6  7  8  9 10 11 |
---------------+----------------------------------+-----
Maces & Flails | 3 4 5 6 7 9 10 | 10.2
Fighting       | 3 4 5 6 7 |  7.6
Dodging        | 3 4 5 |  5.7
Throwing       | 1 3 4 |  4.1
Shields        | 2 6 |  6.9

Action                   |  1- 3 |  4- 6 |  7- 9 | 10-12 || total
-------------------------+-------+-------+-------+-------++-------
Melee: Mace              |    34 |       |   200 |   559 ||   793
       Whip              |   113 |   222 |   666 |       ||  1001
Invok: Berserk           |     1 |     2 |     3 |     4 ||    10
       Trog's Hand       |       |     1 |     4 |     9 ||    14
       Brothers in Arms  |       |       |       |     1 ||     1
  Use: Scroll            |       |     4 |    10 |     3 ||    17
       Potion            |       |     1 |       |     1 ||     2
Armor: Animal skin       |    68 |    41 |   164 |    88 ||   361
       Troll leather arm |       |       |       |    71 ||    71
Dodge: Dodged            |    90 |   125 |   596 |   529 ||  1340
